 Dungeon Crawl Stone Soup version 0.29.1-12-g30fa7ad0bf (webtiles) character file.

Game seed: 10879351587928724616

32 cowcol the Trooper (level 3, 0/33 HPs)
             Began as a Draconian Berserker on Dec 19, 2022.
             Was a Follower of Trog.
             Succumbed to Crazy Yiuf's poison
             ... on level 2 of the Dungeon on Dec 20, 2022.
             The game lasted 00:06:29 (1527 turns).

cowcol the Trooper (Draconian Berserker)            Turns: 1527, Time: 00:06:30

Health: 0/33       AC:  5    Str: 21    XL:     3   Next: 10%
Magic:  3/3        EV: 12    Int:  7    God:    Trog [*.....]
Gold:   75         SH:  0    Dex: 10    Spells: 2/2 levels left

rFire   . . .      SeeInvis .   m - +0 great mace (drain)
rCold   . . .      Faith    .   (shield currently unavailable)
rNeg    . . .      Spirit   .   (body armour unavailable)
rPois   .          Reflect  .   (helmet restricted)
rElec   .          Harm     .   (no cloak)
rCorr   .          Rampage  .   (no gloves)
Will    .....                   (no boots)
Stlth   +.........              (no amulet)
HPRegen 0.11/turn               (no ring)
MPRegen 0.08/turn               (no ring)

@: lethally poisoned (0 -> -11), on berserk cooldown, slowed, very slow
A: AC +5, unfitting armour, cold-blooded
a: Renounce Religion, Berserk


You were on level 2 of the Dungeon.
You worshipped Trog.
Trog was aware of your devotion.
You visited 1 branch of the dungeon, and saw 2 of its levels.

You collected 75 gold pieces.

Inventory:

Hand Weapons
 a - a +0 hand axe
 b - a +0 club
 c - a +0 rapier
 l - a +0 whip
 m - a +0 great mace of draining (weapon)
Scrolls
 e - a scroll of vulnerability
 f - a scroll of immolation {unknown}
 g - a scroll of teleportation
 n - a scroll of brand weapon
 q - a scroll of identify {unknown}
Potions
 d - a potion of curing
 h - a potion of flight {unknown}
 i - a potion of haste {unknown}
 j - 2 potions of magic {unknown}
 o - a potion of ambrosia {unknown}
 p - a potion of brilliance {unknown}


   Skills:
 + Level 3.8 Fighting
 + Level 3.4 Axes
 + Level 0.3(2.1) Maces & Flails
 + Level 3.1 Dodging


You had 2 spell levels left.
You didn't know any spells.
Your spell library was empty.

Dungeon Overview and Level Annotations

Branches:
Dungeon (2/15)

Altars:

Annotations:
D:2 Crazy Yiuf


Innate Abilities, Weirdness & Mutations

Your plain brown scales are hard. (AC +5)
You cannot fit into any form of body armour.
You are cold-blooded and may be slowed by cold attacks.


Message History

As you read the scroll labelled HYANU ANAVIUQUYXU, it crumbles to dust.
It is a scroll of amnesia.
You feel forgetful for a moment.
You drop a scroll of amnesia.
As you read the scroll labelled EHOUCS WOXEITU, it crumbles to dust.
It is a scroll of brand weapon.
Your +0 great mace craves living souls!
m - a +0 great mace of draining (weapon)
You see here a scroll of amnesia.
Found a stone staircase leading up.
There is a stone staircase leading up here.
You now have 75 gold pieces (gained 16).
Found a hammer.
Found a runed translucent door.
Crazy Yiuf shouts!
A red film seems to cover your vision as you go berserk!
You feel yourself moving faster!
You feel mighty!
The door flies open with a bang!
You feel a strong urge to attack something.
Crazy Yiuf says, "Whiteboard!"
Crazy Yiuf hits you with a +2 quarterstaff of chaos.
You are poisoned.
There is an open translucent door, spattered with blood here.
You closely miss Crazy Yiuf.
You feel sick.
Crazy Yiuf hits you with a +2 quarterstaff of chaos!
You are more poisoned.
You barely miss Crazy Yiuf.
You feel very sick.
Crazy Yiuf whimpers, "Blight!"
Crazy Yiuf hits you with a +2 quarterstaff of chaos!
Crazy Yiuf freezes you.
* * * LOW HITPOINT WARNING * * *
You closely miss Crazy Yiuf.
Your tail-slap misses Crazy Yiuf.
You are no longer berserk.
You are exhausted.
You feel yourself slow down.
* * * LOW HITPOINT WARNING * * *
You feel very sick. Crazy Yiuf closely misses you.
You barely miss Crazy Yiuf.
You die...

# #...........##.#
#.#####.. ##
##.##...........# #.#
##.
.####...#..#####.##.#
#.# ## .......#####
###### ###.# #
.####..# #...# # ##
##.# ##### # #.##♣♣
#### # ##..#.♣♣
♣♣#..)# #
#......♣♣♣♣.@g..# #
#.......♣..♣#...# #
#...#..♣.♣♣♣ #### #
##.##♣♣♣♣♣
########### ######.#
#.......... .......#
########### ########


You could see Crazy Yiuf.

Vanquished Creatures
  A gnoll (D:1)
  A worm (D:2)
  A dart slug (D:1)
  2 endoplasms
  A giant cockroach (D:1)
  A hobgoblin (D:2)
  A quokka (D:1)
  A ball python (D:1)
  2 bats
  A frilled lizard (D:2)
  2 goblins
  A kobold (D:2)
  7 rats
22 creatures vanquished.

Vanquished Creatures (others)
  2 fungi (D:1)
  4 plants (D:1)
6 creatures vanquished.

Grand Total: 28 creatures vanquished

Notes
Turn   | Place    | Note
-------+----------+-------------------------------------------
     0 | D:1      | cowcol the Draconian Berserker began the quest for the Orb.
     0 | D:1      | Reached XP level 1. HP: 19/19 MP: 1/1
   131 | D:1      | Found a faded altar of an unknown god.
   207 | D:1      | You fall into a shaft and drop 1 floor!
   343 | D:2      | Reached XP level 2. HP: 24/26 MP: 2/2
  1010 | D:1      | Reached XP level 3. HP: 33/33 MP: 3/3
  1517 | D:2      | Found a runed translucent door.
  1518 | D:2      | Noticed Crazy Yiuf
  1527 | D:2      | Succumbed to Crazy Yiuf's poison

Illustrated notes

Levels and vault maps discovered:
D:1:      heliophobic_arrival_henge, layout_basic,
          shapermc_ecumenical_altar_petra, serial_bayou_ford_a,
          minmay_tromino_i2
D:2:      layout_loops_ring, minmay_misc_feat_doors, uniq_crazy_yiuf_cottage

Skill      XL: |  1  2 |
---------------+-------+-----
Dodging        | 3 |  3.1
Fighting       | |  3.8
Axes           | |  3.4
Maces & Flails | |  0.3

Action                   || total
-------------------------++-------
Melee: Hand axe          ||    44
       Tailslap          ||     5
       Great mace        ||    42
Invok: Berserk           ||     3
  Use: Scroll            ||     4
       Potion            ||     1
Armor: Skin              ||    26
Dodge: Dodged            ||    45
